 Dungeon Crawl Stone Soup version 0.31-a0-986-g5e6e4ef867 (webtiles) character file.

Game seed: 4826817041788556352

1317 pokeman the Thaumaturge (level 8, 0/36 (46) HPs)
             Began as a Deep Elf Hedge Wizard on Nov 21, 2023.
             Was an Initiate of Vehumet.
             Slain by a wight
             ... wielding a +2 flail
              (13 damage)
             ... on level 6 of the Dungeon on Nov 22, 2023.
             The game lasted 00:15:20 (6223 turns).

pokeman the Thaumaturge (Deep Elf Hedge Wizard)     Turns: 6223, Time: 00:15:21

HP:   0/36 (46)     AC:  4    Str:  7    XL:     8   Next: 33%
MP:   8/24          EV: 13    Int: 22    God:    Vehumet [......]
Gold: 309           SH:  0    Dex: 20    Spells: 16/28 levels left

rFire   . . .        u - +2 short sword (venom)
rCold   . . .        (no shield)
rNeg    + . .        b - +0 robe
rPois   .            c - +0 hat
rElec   .            y - +0 cloak
rCorr   .            (no gloves)
SInv    .            n - +0 pair of boots
Will    .....        (no amulet)
Stlth   +++          k - ring of positive energy
HPRegen 0.26/turn    w - +6 ring of dexterity
MPRegen 0.19/turn

%: no passive effects
@: heavily drained
A: no striking features
a: Renounce Religion


You were on level 6 of the Dungeon.
You worshipped Vehumet.
Vehumet was noncommittal.
You visited 2 branches of the dungeon, and saw 7 of its levels.

You collected 309 gold pieces.

Inventory:

Hand Weapons
 u - a +2 short sword of venom (weapon)
Missiles
 t - 4 curare-tipped darts
Armour
 b - a +0 robe (worn)
 c - a +0 hat (worn)
 n - a +0 pair of boots (worn)
 y - a +0 cloak (worn)
Jewellery
 k - a ring of positive energy (left hand)
 v - an amulet of faith
 w - a +6 ring of dexterity (right hand)
Wands
 p - a wand of light (4)
 r - a wand of digging (3)
 B - a wand of flame (1)
Scrolls
 a - a scroll of vulnerability {unknown}
 f - 2 scrolls of noise {unknown}
 j - a scroll of blinking {unknown}
 l - 5 scrolls of identify {unknown}
 m - a scroll of teleportation {unknown}
 q - 2 scrolls of torment {unknown}
 s - a scroll of enchant weapon {unknown}
 x - a scroll of brand weapon {unknown}
 A - 2 scrolls of enchant armour {unknown}
Potions
 d - a potion of magic
 e - 3 potions of heal wounds {unknown}
 g - a potion of enlightenment {unknown}
 h - a potion of degeneration {unknown}
 i - a potion of ambrosia {unknown}
 o - 3 potions of lignification {unknown}
 z - 2 potions of curing {unknown}


   Skills:
 - Level 3.0 Fighting
 + Level 2.7 Armour
 - Level 3.0 Dodging
 - Level 3.0 Stealth
 * Level 10.6 Spellcasting
 - Level 2.1 Conjurations
 - Level 2.0 Summonings
 - Level 2.1 Translocations
 - Level 1.2 Air Magic
 - Level 1.0 Poison Magic
 - Level 1.1 Evocations


You had 16 spell levels left.
You knew the following spells:

 Your Spells              Type           Power      Damage    Failure   Level
a - Magic Dart            Conj           84%        1d7       2%          1
b - Mephitic Cloud        Conj/Pois/Air  18%        N/A       10%         3
c - Call Imp              Summ           40%        N/A       3%          2
d - Blink                 Tloc           42%        N/A       3%          2
e - Iskenderun's Mystic   Conj/Tloc      21%        2d6       24%         4

Your spell library contained the following spells:

 Spells                   Type           Power      Damage    Failure   Level
 Apportation              Tloc           42%        N/A       2%          1
 Summon Small Mammal      Summ           80%        N/A       2%          1
 Searing Ray              Conj           42%        2d6       3%          2
 Necrotise                Necr           44%        1d6       6%          1
 Slow                     Hex            44%        N/A       6%          1
 Cigotuvi's Dreadful Rot  Necr/Pois/Air  30%        N/A       6%          2
 Gell's Gravitas          Tloc           21%        N/A       7%          3
 Teleport Other           Tloc           21%        N/A       7%          3
 Volatile Blastmotes      Fire/Tloc      32%        2d12      11%         3
 Fulminant Prism          Conj/Hex       8%         3d7       36%         4
 Dispersal                Tloc           10%        N/A       98%         6


Dungeon Overview and Level Annotations

Branches:
Dungeon (6/15)             Temple (1/1) D:4

Altars:
Ashenzari
Cheibriados
Elyvilon
Fedhas
Gozag
Makhleb
Okawaru
Qazlal
Ru
Sif Muna
Uskayaw
Vehumet
Wu Jian
Xom
Yredelemnul
Zin
The Shining One

Shops:
D:2 [   D:5 (:[


Message History

Casting: Magic Dart (safe; 2% risk of failure)
Confirm with . or Enter, or press ? or * to list all spells.
You erupt in a blast of force!
The mystic blast hits the wight but does no damage.
The wight hits you with a +2 flail. You partially resist.
You feel drained.
Unknown command.
Casting: Iskenderun's Mystic Blast (quite dangerous; 24% risk of failure)
Confirm with . or Enter, or press ? or * to list all spells.
You erupt in a blast of force!
The mystic blast hits the wight.
The wight is lightly damaged.
The wight is knocked back by the mystic blast.
Unknown command.
Casting: Iskenderun's Mystic Blast (quite dangerous; 24% risk of failure)
Confirm with . or Enter, or press ? or * to list all spells.
A tiny devil pulls itself out of the air.
The wight closely misses you.
Your cerulean imp hits the wight but does no damage.
The wight barely misses you.
Your cerulean imp hits the wight but does no damage.
Your cerulean imp barely misses the wight.
Found 7 gold pieces.
Casting: Call Imp (safe; 3% risk of failure)
Confirm with . or Enter, or press ? or * to list all spells.
You erupt in a blast of force!
The mystic blast hits the wight but does no damage.
The wight is lightly damaged.
Unknown command.
Casting: Iskenderun's Mystic Blast (quite dangerous; 24% risk of failure)
Confirm with . or Enter, or press ? or * to list all spells.
You erupt in a blast of force!
The mystic blast hits the wight.
The wight is moderately damaged.
The wight is knocked back by the mystic blast.
The wight slams into the rock wall!
The wight hits you with a +2 flail. You partially resist.
You feel drained.
Unknown command.
Your cerulean imp hits the wight but does no damage.
The wight hits you with a +2 flail! You partially resist.
You feel drained.
Your cerulean imp hits the wight but does no damage.
The wight hits you with a +2 flail!
You die...

####.<####.###.#.#
...........5.....#
####..##...###........
#..##.#.# #########
#..##.#.# #..##.#.#
#..##.#.# #########
#(..z...# #........
##.##5### ###@#######
#.##.# #5z........
#.##.#####.#.#######
#.....[[<..#.#
########.###.# #...$.#
#######


You could see a wight (ally target) and a friendly cerulean imp (summoned).

Vanquished Creatures
  A black bear (D:5)
  An ogre (D:5)
  2 centaurs (D:5)
  A phantom (D:4)
  2 scorpions
  2 wights (D:6)
  A crimson imp (D:5)
  A bullfrog zombie (D:5)
  A centaur zombie (D:5)
  3 hounds
  A jelly (D:4)
  2 orc priests
  A scorpion zombie (D:5)
  An orc wizard (D:5)
  A hound zombie (D:5)
  7 adders
  2 worms
  A dart slug (D:4)
  21 orcs
  9 ball pythons
  2 endoplasms (D:1)
  5 giant cockroaches
  12 goblins
  11 hobgoblins
  3 jackals (D:2)
  8 kobolds
  4 quokkas
  9 bats
  3 frilled lizards
  5 rats
123 creatures vanquished.

Vanquished Creatures (collateral kills)
  A water moccasin zombie (D:5)
  A wight (D:6)
  A scorpion zombie (D:5)
  2 adders (D:4)
5 creatures vanquished.

Grand Total: 128 creatures vanquished

Notes
Turn   | Place    | Note
-------+----------+-------------------------------------------
     0 | D:1      | pokeman the Deep Elf Hedge Wizard began the quest for the
                  | Orb.
     0 | D:1      | Reached XP level 1. HP: 10/10 MP: 7/7
   226 | D:1      | Reached XP level 2. HP: 15/15 MP: 6/9
  1205 | D:2      | Found Nobydus's Antique Armour Shoppe.
  1330 | D:2      | Reached XP level 3. HP: 19/19 MP: 9/11
  1334 | D:2      | Learned a level 3 spell: Mephitic Cloud
  1337 | D:2      | Learned a level 2 spell: Call Imp
  1340 | D:2      | Learned a level 2 spell: Blink
  2147 | D:3      | Reached XP level 4. HP: 12/24 MP: 2/12
  2268 | D:3      | Reached skill level 5 in Spellcasting
  2689 | D:3      | Found an ornate altar of the Wu Jian Council.
  2780 | D:3      | Found an iron altar of Okawaru.
  2848 | D:3      | Reached skill level 1 in Fighting
  2946 | D:3      | You fall into a shaft and drop 1 floor!
  2966 | D:4      | Found a staircase to the Ecumenical Temple.
  2975 | Temple   | Entered the Ecumenical Temple
  3016 | D:4      | Reached skill level 1 in Poison Magic
  3016 | D:4      | Reached XP level 5. HP: 29/29 MP: 9/14
  3127 | D:4      | Reached skill level 1 in Armour
  3127 | D:4      | Reached skill level 1 in Air Magic
  3131 | D:4      | Reached skill level 6 in Spellcasting
  3131 | D:4      | Reached skill level 1 in Evocations
  3223 | D:3      | Learned a level 4 spell: Iskenderun's Mystic Blast
  3475 | D:4      | Reached XP level 6. HP: 34/34 MP: 13/17
  4333 | D:5      | Entered Level 5 of the Dungeon
  4334 | D:5      | Found Lofoami's Antique Weapon Emporium.
  4343 | D:5      | Reached skill level 7 in Spellcasting
  4436 | D:5      | Reached XP level 7. HP: 33/38 MP: 13/20
  4521 | D:5      | Reached skill level 8 in Spellcasting
  4689 | D:5      | Found Gusogepa's Self-Improvement Boutique.
  4741 | D:5      | Reached skill level 9 in Spellcasting
  4858 | D:5      | HP: 1/40 [orc priest/+0 war axe (10)]
  5235 | D:5      | Found Haviurush's Antique Armour Emporium.
  5253 | D:5      | Found a burning altar of Makhleb.
  5253 | D:5      | Found a radiant altar of Vehumet.
  5267 | D:5      | Became a worshipper of Vehumet
  5543 | D:5      | Found a basalt altar of Yredelemnul.
  5583 | D:5      | Reached XP level 8. HP: 35/45 MP: 23/23
  5668 | D:5      | Reached skill level 10 in Spellcasting
  5765 | D:6      | Identified the "Upoyqif"
  6223 | D:6      | Slain by a wight

Illustrated notes

Levels and vault maps discovered:
D:1:      dpeg_arrival_windows_large_door, layout_loops_ring, nicolae_wormholes
D:2:      layout_loops_ring, serial_shops, nicolae_lakefront_shop,
          minmay_tetromino_s2
D:3:      cheibrodos_old_hovel, layout_rooms, okawaru_metal_pillars_3,
          nzn_wu_jian_council_hall
D:4:      layout_loops_ring, minmay_temple_entry_antechambers,
          guppyfry_early_lair_pool
D:5:      layout_basic, grunt_temple_overflow_lords_of_destruction,
          nicolae_yredelemnul_corpse_copse, serial_shops,
          nicolae_shop_back_alley_shop, minmay_shop_grid_forest,
          nicolae_shop_self_help
D:6:      lemuel_slime, layout_loops_ring, worldfamousw_hep_ancestral_shrine,
          uniq_menkaure
Temple:   nicolae_temple_godzebo

Skill      XL: |  1  2  3  4  5  6  7  8 |
---------------+-------------------------+-----
Stealth        | 3 |  3.0
Dodging        | 3 |  3.0
Conjurations   | 2 |  2.1
Summonings     | 2 |  2.0
Translocations | 2 |  2.1
Spellcasting   | 5 6 7 9 10 | 10.6
Fighting       | 1 2 3 |  3.0
Poison Magic   | 1 |  1.0
Armour         | 1 2 |  2.7
Air Magic      | 1 |  1.2
Evocations     | 1 |  1.1

Action                     |  1- 3 |  4- 6 |  7- 9 || total
---------------------------+-------+-------+-------++-------
  Melee: Dagger            |     7 |    13 |       ||    20
         Short sword       |       |    18 |   103 ||   121
         Punch             |       |     1 |     3 ||     4
   Cast: Magic Dart        |   106 |   120 |    74 ||   300
         Mephitic Cloud    |     1 |     7 |     5 ||    13
         Call Imp          |     1 |     1 |     7 ||     9
         Blink             |       |     1 |     1 ||     2
         Iskenderun's Myst |       |       |    14 ||    14
   Stab: Distracted        |     1 |       |     3 ||     4
         Confused          |       |     3 |     6 ||     9
         Sleeping          |       |     2 |     1 ||     3
 Armour: Robe              |    15 |    37 |    78 ||   130
  Dodge: Dodged            |    19 |    53 |    97 ||   169

Table legend: (Time is in decaauts)
 A = Elapsed time spent in this place.
 B = Non-inter-level travel time spent in this place.
 C = Inter-level travel time spent in this place.
 D = Time resting spent in this place.
 E = Time spent auto-exploring this place.
 F = Levels seen in this place.
 G = Mean time per level.
                   A        B        C        D        E       F      G
               +--------+--------+--------+--------+--------+-----+--------+
         Total |   6225 |   6027 |    198 |    396 |   4671 |   7 |  889.3 |
       Dungeon |   6223 |   6025 |    198 |    396 |   4671 |   6 | 1037.2 |
        Temple |      1 |      1 |      0 |      0 |      0 |   1 |    1.0 |
               +--------+--------+--------+--------+--------+-----+--------+

Top non-repeatable levels by time:
     D:5: 1728 daAuts
     D:2: 1334 daAuts
     D:4: 1198 daAuts
     D:1: 990 daAuts
     D:3: 807 daAuts
     D:6: 164 daAuts
  Temple: 1 daAuts
